Map: Ascension to Aiur LE

Players

ChampioNSoO - Winner!

  • Race: Zerg Zerg
  • League: Master
  • Spawn Location: 11:00

NORTHAMERICA

  • Race: Protoss Protoss
  • League: Grandmaster
  • Spawn Location: 5:00

VOD

Have the link to the VOD?

Description

Time

  • Played on: Nov. 7, 2017, 12:24 a.m.
  • Length: 8:48
Show
View Real Time Build Order
Export as new Build Order

ChampioNSoO Zerg - Winner!

Build Orders: Pool First, Swarm Host 

Get SALT Encoding   

  12  0:17  Spawning Pool  
  11  0:22  Drone  
  11  0:27  Drone  
  13  0:32  Drone  
  14  0:40  Overlord  
  14  1:05  Zergling x6  
  17  1:16  Hatchery  
  16  1:20  Zergling x2  
  17  1:28  Drone  
  18  1:35  Queen  
  20  1:42  Drone  
  21  1:48  Overlord  
  21  2:06  Drone  
  21  2:14  Drone  
  21  2:15  Queen  
  23  2:25  Overlord  
  23  2:29  Queen  
  25  2:30  Drone  
  25  2:31  Drone  
  27  2:41  Drone  
  27  2:43  Drone  
  29  2:46  Drone x2  
  29  2:48  Drone  
  32  2:54  Drone  
  32  2:55  Overlord  
  33  3:01  Drone  
  33  3:04  Drone  
  36  3:12  Drone  
  36  3:15  Extractor x2, Drone  
  35  3:22  Drone  
  35  3:24  Drone x6  
  42  3:30  Queen  
  44  3:34  Drone  
  44  3:40  Drone x2  
  47  3:45  Drone  
  47  3:46  Extractor  
  47  3:49  Drone  
  47  3:53  Overlord  
  47  3:54  Drone x3  
  51  4:01  Overlord  
  51  4:03  Lair  
  51  4:06  Overlord  
  51  4:08  Overlord  
  51  4:15  Roach Warren, Drone  
  51  4:17  Drone  
  52  4:18  Drone  
  52  4:23  Metabolic Boost  
  53  4:27  Drone  
  53  4:29  Evolution Chamber  
  53  4:42  Drone x3  
  53  4:44  Extractor  
  55  4:47  Queen  
  57  4:57  Roach x7  
  57  4:59  Zerg Missile Weapons Level 1  
  71  5:04  Overseer  
  71  5:09  Glial Reconstitution  
  71  5:15  Roach x2  
  71  5:18  Roach  
  77  5:21  Hatchery  
  77  5:28  Roach x3  
  82  5:35  Overseer  
  82  5:37  Roach  
  82  5:40  Spore Crawler, Drone  
  84  5:44  Overlord x2  
  84  5:47  Overlord  
  84  5:48  Overlord  
  83  5:54  Hatchery  
  82  6:01  Infestation Pit  
  81  6:18  Overlord  
  81  6:19  Overlord  
  81  6:21  Drone x2  
  83  6:28  Overlord  
  83  6:42  Overlord  
  83  6:53  Swarm Host x9  
  110  7:00  Zergling x8  
  114  7:05  Roach  
  116  7:10  Roach x2  
  116  7:14  Roach  
  122  7:16  Queen  
  122  7:19  Roach x4  
  132  7:22  Overlord  
  132  7:23  Overlord  
  132  7:26  Zergling x2  
  132  7:27  Zergling x4  
  135  7:30  Swarm Host  
  135  7:31  Swarm Host  
  135  7:34  Ravager  
  142  7:39  Overlord  
  142  7:42  Swarm Host  
  145  7:50  Swarm Host  
  148  8:05  Zergling x18  
  151  8:13  Overlord  
  151  8:14  Overlord  
  151  8:19  Roach x5  
  155  8:20  Roach  
  155  8:23  Roach  
  155  8:25  Roach  
Show
View Real Time Build Order
Export as new Build Order

NORTHAMERICA Protoss 

Build Orders: Zealot Archon, Dark Templar Rush 

Get SALT Encoding   

  12  0:01  Probe (Chrono Boost)  
  13  0:12  Probe (Chrono Boost)  
  14  0:19  Pylon  
  14  0:22  Probe (Chrono Boost)  
  15  0:37  Probe (Chrono Boost)  
  15  0:39  Gateway  
  16  0:48  Probe (Chrono Boost)  
  16  0:49  Assimilator  
  17  0:58  Probe (Chrono Boost)  
  18  1:09  Probe (Chrono Boost)  
  19  1:23  Probe (Chrono Boost)  
  20  1:27  Cybernetics Core  
  20  1:28  Zealot (Chrono Boost)  
  20  1:31  Pylon  
  22  1:36  Probe  
  23  1:54  Nexus  
  23  2:07  Mothership Core (Chrono Boost)  
  23  2:18  Assimilator  
  23  2:27  Probe (Chrono Boost)  
  24  2:37  Probe (Chrono Boost)  
  24  2:40  Twilight Council  
  25  2:48  Probe (Chrono Boost)  
  25  2:50  Warp Gate  
  26  2:58  Probe (Chrono Boost)  
  26  3:02  Stalker  
  29  3:07  Probe (Chrono Boost)  
  29  3:09  Probe (Chrono Boost)  
  31  3:18  Probe (Chrono Boost)  
  33  3:20  Probe (Chrono Boost)  
  33  3:21  Robotics Facility  
  33  3:28  Probe (Chrono Boost)  
  33  3:30  Probe (Chrono Boost)  
  35  3:39  Probe (Chrono Boost)  
  35  3:41  Probe (Chrono Boost)  
  37  3:48  Dark Shrine  
  37  3:50  Probe (Chrono Boost)  
  37  3:51  Probe (Chrono Boost)  
  39  4:00  Probe (Chrono Boost)  
  39  4:02  Probe (Chrono Boost)  
  41  4:05  Gateway  
  41  4:06  Gateway  
  41  4:08  Gateway  
  41  4:11  Probe (Chrono Boost)  
  41  4:15  Pylon  
  42  4:19  Pylon  
  42  4:20  Probe (Chrono Boost)  
  42  4:23  Probe (Chrono Boost)  
  44  4:29  Warp Prism (Chrono Boost)  
  46  4:34  Assimilator  
  46  4:38  Probe  
  47  4:39  Assimilator, Probe  
  48  4:49  Pylon  
  48  4:50  Probe  
  48  4:51  Probe (Chrono Boost)  
  50  5:02  Probe (Chrono Boost)  
  50  5:03  Probe (Chrono Boost)  
  50  5:05  Observer  
  53  5:13  Probe (Chrono Boost)  
  54  5:15  Pylon  
  54  5:16  Dark Templar x3  
  54  5:18  Dark Templar  
  54  5:19  Probe (Chrono Boost)  
  63  5:31  Nexus  
  63  5:34  Pylon  
  63  5:35  Probe (Chrono Boost)  
  64  5:37  Probe (Chrono Boost)  
  65  5:45  Probe (Chrono Boost)  
  66  5:54  Robotics Bay  
  66  5:55  Gateway  
  64  6:11  Probe (Chrono Boost)  
  64  6:13  Probe (Chrono Boost), Blink  
  64  6:17  Forge  
  66  6:19  Immortal (Chrono Boost)  
  66  6:20  Probe  
  66  6:25  Probe  
  72  6:31  Probe  
  73  6:37  Probe  
  74  6:41  Probe  
  74  6:44  Probe  
  74  6:49  Probe  
  74  6:51  Protoss Ground Weapons Level 1  
  74  6:52  Probe  
  74  6:53  Disruptor (Chrono Boost)  
  79  6:55  Probe  
  79  6:56  Photon Cannon  
  79  7:00  Stalker x3  
  86  7:01  Probe, Stalker  
  86  7:05  Probe  
  86  7:07  Probe  
  90  7:11  Gateway  
  91  7:18  Probe  
  91  7:20  Pylon  
  92  7:23  Assimilator  
  92  7:24  Photon Cannon  
  92  7:25  Photon Cannon  
  92  7:29  Assimilator  
  95  7:38  Pylon  
  95  7:42  Pylon  
  95  7:43  Dark Templar, Pylon  
  95  7:44  Dark Templar  
  99  7:48  Archon x2  
  99  7:58  Adept x2  
  99  7:59  Adept  
  99  8:02  Probe  
  99  8:03  Disruptor (Chrono Boost)  
  104  8:10  Pylon  
  104  8:12  Cybernetics Core  
  99  8:25  Probe  
  86  8:29  Zealot  
  86  8:30  Zealot x4  
  86  8:31  Probe  
  75  8:44  Gateway  
  75  8:45  Gateway  
  75  8:46  Gateway  
Tags
 
Add a new tag
Caveats
  • Supply blocks, unpowered buildings, or Contaminate may cause inaccurate times.
  • Supply counts are checked every 10 seconds.